 Dungeon Crawl Stone Soup version 0.26-a0-639-g72c4674329 (webtiles) character file.

Game seed: 14807932781296237643

3716 DogServant the Geomancer (level 10, -4/61 HPs)
             Began as a Gargoyle Earth Elementalist on Sept 20, 2020.
             Was a Follower of Sif Muna.
             Slain by a wyvern (12 damage)
             ... on level 8 of the Dungeon.
             The game lasted 00:21:32 (10899 turns).

DogServant the Geomancer (GrEE)                    Turns: 10899, Time: 00:21:33

Health: -4/61      AC: 11    Str: 12    XL:     10   Next: 14%
Magic:  3/19       EV: 12    Int: 19    God:    Sif Muna [*.....]
Gold:   463        SH:  0    Dex: 10    Spells: 8/21 levels left

rFire    . . .     SeeInvis .   d - +2 dagger (vorpal)
rCold    . . .     Faith    .   (no shield)
rNeg     + . .     Spirit   .   c - +0 robe
rPois    ∞         Reflect  .   (no helmet)
rElec    +         Harm     .   (no cloak)
rCorr    .         Rampage  .   n - +0 pair of gloves
MR       .....                  l - +0 pair of boots
Stlth    ++........             (no amulet)
HPRegen  0.20/turn              p - ring of flight
MPRegen  0.16/turn              (no ring)

@: about to teleport
A: negative energy resistance 1, electricity resistance, unbreathing,
petrification resistance, rot immunity, AC +7
a: Channel Magic, Renounce Religion, Evoke Flight


You were on level 8 of the Dungeon.
You worshipped Sif Muna.
Sif Muna was aware of your devotion.
You visited 2 branches of the dungeon, and saw 9 of its levels.

You collected 463 gold pieces.

Inventory:

Hand Weapons
 d - a +2 vorpal dagger (weapon)
Missiles
 b - 28 stones (quivered)
Armour
 c - a +0 robe (worn)
 j - a +1 leather armour
 l - a +0 pair of boots (worn)
 n - a +0 pair of gloves (worn)
 C - +0 acid dragon scales
Jewellery
 p - a ring of flight (left hand)
Wands
 m - a wand of flame (56)
 x - a wand of enslavement (2)
 y - a wand of acid (9)
Scrolls
 a - a scroll of amnesia
 s - a scroll of remove curse
 z - a scroll of magic mapping {unknown}
 D - a scroll of fog
Potions
 e - 2 potions of curing
 f - 3 potions of mutation
 g - a potion of lignification {unknown}
 h - a potion of brilliance {unknown}
 k - a potion of cancellation {unknown}
 o - a potion of degeneration {unknown}
 q - 2 potions of heal wounds {unknown}
 t - a potion of berserk rage {unknown}
 u - a potion of stabbing {unknown}
 w - 2 potions of ambrosia {unknown}
 A - a potion of haste {unknown}


   Skills:
 + Level 6.4 Fighting
 - Level 2.3 Armour
 - Level 1.5 Dodging
 - Level 2.1 Stealth
 - Level 6.0 Spellcasting
 + Level 6.3 Conjurations
 + Level 3.5 Transmutations
 + Level 8.8 Earth Magic
 + Level 5.1 Invocations


You had 8 spell levels left.
You knew the following spells:

 Your Spells              Type           Power        Failure   Level
a - Sandblast             Erth           #####.       1%          1
b - Stone Arrow           Conj/Erth      ####..       1%          3
c - Petrify               Tmut/Erth      ####....     9%          4
d - Lee's Rapid Deconstr  Erth           #####.....   9%          5

Your spell library contained the following spells:

 Spells                   Type           Power        Failure   Level
 Passwall                 Tmut/Erth      ####....     1%          2


Dungeon Overview and Level Annotations

Branches:
Dungeon (8/15)             Temple (1/1) D:4
   Lair: D:8-11

Altars:
Ashenzari
Dithmenos
Elyvilon
Fedhas
Gozag
Hepliaklqana
Kikubaaqudgha
Makhleb
Nemelex Xobeh
Qazlal
Sif Muna
Uskayaw
Vehumet
Wu Jian
Xom
Yredelemnul
The Shining One

Annotations:
D:3 2 transporters, YoungGLord's ghost, amateur GrEE


Innate Abilities, Weirdness & Mutations

You are resistant to torment.
Your stone body is resilient. (AC +7)
You are immune to poison.
You resist negative energy. (rN+)
You are resistant to electric shocks. (rElec)
You can survive without breathing.
You are immune to petrification.
You are immune to rotting.


Message History

A wyvern comes into view.
A hound zombie comes into view.
There are monsters nearby!
A scorpion comes into view.
Items here: ! $ ) / = ? [.
You see here a scroll of fog.
A sky beast comes into view.
You closely miss the sky beast. The wyvern completely misses you.
The sky beast hits you but does no damage.
You hit the sky beast.
The sky beast is lightly wounded.
The wyvern bites you.
* * * LOW HITPOINT WARNING * * *
The sky beast flickers out of sight!
Deactivating autopickup; reactivate with Ctrl-A.
Something hits you but does no damage.
As you read the scroll of teleportation, it crumbles to dust.
You feel strangely unstable. The wyvern bites you!
* * * LOW HITPOINT WARNING * * *
The wyvern bites you!
You die...

## $# ..# .#
.?.####..#
........#
....Z...#
..Z<....# ###
...Y.....#
.)#### ## ## ##
...#.....#
#.#l###)# #[#
#(# ... .......
##)#@#.# #.#
#.# #. ...
.......
#l#.#{###.# #.#
#.# ... .......
##†#.#Z#.# #.#
#$# #. ...
.......
##l#.#.###.#
#.# #.# ...
.......
#.#.#.#.#.# #.#
#.#
#$###.#.#.###.#
#.# # ##
#.#.#s#.#?# #.#
#.
#.###.#.#.###.#
#.# #.#
#.#.#.#.#.# #.#


You could see a wyvern and a hound zombie.

Vanquished Creatures
  2 hippogriffs (D:7)
  Sigmund (D:4)
  Eustachio (D:5)
  Menkaure (D:4)
  An acid dragon (D:8)
  Duvessa (D:4)
  An orc warrior (D:7)
  A sky beast (D:7)
  2 phantoms
  2 centaurs
  2 ogres
  A big kobold (D:7)
  A bullfrog (D:6)
  A gnoll sergeant (D:6)
  Dowan (D:3)
  A water moccasin zombie (D:6)
  3 scorpions
  6 killer bees (D:7)
  A howler monkey (D:6)
  A centaur zombie (D:7)
  A quasit (D:8)
  4 hounds
  2 jellies
  Crazy Yiuf (D:7)
  2 orc wizards
  A centaur skeleton (D:8)
  3 iguanas
  6 worker ants
  8 gnolls
  15 adders
  2 shadow imps (D:8)
  4 white imps
  2 ufetubi
  2 oozes
  An adder skeleton (D:6)
  4 worms
  7 dart slugs
  7 leopard geckos
  16 orcs
  6 giant cockroaches
  10 hobgoblins
  8 jackals
  3 quokkas
  3 ball pythons
  5 bats
  8 frilled lizards
  10 goblins
  8 kobolds
  7 rats
187 creatures vanquished.

Vanquished Creatures (others)
  Maurice (D:8)
  A fungus (D:2)
  4 withered plants (D:7)
6 creatures vanquished.

Grand Total: 193 creatures vanquished

Notes
Turn   | Place    | Note
-------+----------+-------------------------------------------
     0 | D:1      | DogServant the Gargoyle Earth Elementalist began the quest
                  | for the Orb.
     0 | D:1      | Reached XP level 1. HP: 10/10 MP: 3/3
   326 | D:1      | Reached skill level 4 in Earth Magic
   326 | D:1      | Reached XP level 2. HP: 15/15 MP: 1/5
   829 | D:1      | Reached XP level 3. HP: 19/19 MP: 4/6
  1271 | D:2      | Reached XP level 4. HP: 23/24 MP: 1/8
  1697 | D:2      | Reached skill level 5 in Earth Magic
  1714 | D:2      | Found a shattered altar of Ashenzari.
  1718 | D:2      | Saw a vision of the Swamp and the Spider Nest.
  1718 | D:2      | Noticed a water moccasin
  1718 | D:2      | Noticed an alligator
  1718 | D:2      | Noticed a swamp drake
  1718 | D:2      | Noticed a redback
  1718 | D:2      | Noticed a redback
  1719 | D:2      | Noticed a redback
  1720 | D:2      | Noticed a wolf spider
  1723 | D:2      | Noticed a wolf spider
  1849 | D:3      | Noticed YoungGLord's ghost (amateur GrEE)
  1850 | D:3      | Found a transporter.
  1864 | D:3      | Noticed an ogre
  1866 | D:3      | Found a transporter.
  1866 | D:3      | Identified the cursed +2 dire flail "Lukont" {speed, rN+}
  1866 | D:3      | Noticed an ogre
  1873 | D:3      | Found a white marble altar of Elyvilon.
  2189 | D:3      | Reached XP level 5. HP: 26/28 MP: 8/10
  2456 | D:3      | Found a faded altar of an unknown god.
  2905 | D:3      | Learned a level 3 spell: Stone Arrow
  2910 | D:3      | Learned a level 4 spell: Petrify
  3368 | D:4      | Noticed Sigmund
  3371 | D:5      | Entered Level 5 of the Dungeon
  3513 | D:5      | Noticed a centaur
  3563 | D:5      | Reached XP level 6. HP: 33/33 MP: 8/12
  3766 | D:5      | Reached skill level 1 in Fighting
  3766 | D:5      | Reached skill level 1 in Conjurations
  3766 | D:5      | Reached skill level 6 in Earth Magic
  4281 | D:5      | Noticed Eustachio
  4395 | D:5      | Killed Eustachio
  4395 | D:5      | Reached XP level 7. HP: 36/40 MP: 7/13
  4953 | D:4      | Killed Sigmund
  4953 | D:4      | Reached skill level 1 in Armour
  5115 | D:4      | Noticed Duvessa
  5121 | D:4      | Noticed Dowan
  5381 | D:4      | Found a staircase to the Ecumenical Temple.
  5385 | D:4      | Noticed Menkaure
  5388 | D:4      | Killed Menkaure
  5388 | D:4      | Reached skill level 7 in Earth Magic
  5400 | Temple   | Entered the Ecumenical Temple
  5606 | Temple   | Became a worshipper of Sif Muna the Loreminder
  5642 | D:4      | Reached skill level 5 in Spellcasting
  5642 | D:4      | Reached XP level 8. HP: 43/46 MP: 13/15
  6935 | D:6      | Reached skill level 1 in Invocations
  7234 | D:6      | Found a shimmering altar of Xom.
  7658 | D:6      | Learned a level 5 spell: Lee's Rapid Deconstruction
  7766 | D:4      | Found a hide-covered altar of Uskayaw.
  7826 | D:4      | Killed Duvessa
  7826 | D:4      | Reached skill level 1 in Transmutations
  7863 | D:3      | Killed Dowan
  8301 | D:7      | Reached XP level 9. HP: 32/52 MP: 2/17
  8768 | D:7      | Reached skill level 5 in Fighting
  8768 | D:7      | Reached skill level 5 in Conjurations
  8886 | D:7      | Reached * piety under Sif Muna
  9156 | D:7      | Found an ancient bone altar of Kikubaaqudgha.
  9284 | D:7      | Reached skill level 8 in Earth Magic
  9859 | D:7      | Found a runed translucent door.
  9860 | D:7      | Noticed Crazy Yiuf
  9965 | D:7      | Killed Crazy Yiuf
 10641 | D:8      | Reached XP level 10. HP: 54/60 MP: 8/19
 10796 | D:8      | Noticed Maurice
 10875 | D:8      | HP: 3/60 [adder (2)]
 10885 | D:8      | Killed Maurice
 10885 | D:8      | Reached skill level 5 in Invocations
 10899 | D:8      | Slain by a wyvern

Illustrated notes

Levels and vault maps discovered:
D:1:      lightli_arrival_isolated_outpost, layout_basic
D:2:      layout_rooms, grunt_ashenzari_visionary
          [grunt_ashenzari_visionary_swamp, grunt_ashenzari_visionary_spider]
D:3:      layout_basic, elyvilon_altar_5, gammafunk_ghost_smash,
          chequers_ecumenical_altar_simple_redux
D:4:      layout_loops_ring, kennysheep_little_box,
          minmay_temple_entry_water_ring, uniq_duvessa, uniq_sigmund,
          uniq_menkaure
D:5:      layout_loops_corners, uniq_eustachio
D:6:      layout_loops_cross, chequers_serial_rivers_micro_d,
          kennysheep_diamond, dk_noncrumbling_2, kennysheep_generic_room_11
D:7:      layout_basic, kiku_gazebo_garden_becter, uniq_crazy_yiuf_cottage
D:8:      minmay_imperfect_grid, layout_rooms, gammafunk_temple_overflow_pools,
          lemuel_doored_altar, uniq_maurice
Temple:   dshaligram_water_room_temple

Skill      XL: |  1  2  3  4  5  6  7  8  9 10 |
---------------+-------------------------------+-----
Earth Magic    | 4 5 6 7 8 |  8.8
Spellcasting   | 3 4 5 6 |  6.0
Fighting       | 2 3 4 6 |  6.4
Conjurations   | 2 3 4 6 |  6.3
Armour         | 2 |  2.3
Invocations    | 2 4 5 |  5.1
Transmutations | 1 3 |  3.5
Dodging        | |  1.5
Stealth        | |  2.1

Action                   |  1- 3 |  4- 6 |  7- 9 | 10-12 || total
-------------------------+-------+-------+-------+-------++-------
Melee: Unarmed           |    35 |       |       |    44 ||    79
       Dagger            |    21 |   140 |    74 |     2 ||   237
 Cast: Sandblast         |    35 |    53 |   120 |     3 ||   211
       Stone Arrow       |       |       |    85 |    12 ||    97
  Use: Scroll            |     1 |     1 |    11 |     1 ||    14
       Potion            |       |       |     1 |     5 ||     6
 Stab: Sleeping          |     1 |     5 |     2 |       ||     8
Armor: Robe              |    21 |    69 |    94 |     6 ||   190
       Skin              |       |       |       |     5 ||     5
Dodge: Dodged            |    47 |   133 |   135 |    51 ||   366

Table legend: (Time is in decaauts)
 A = Elapsed time spent in this place.
 B = Non-inter-level travel time spent in this place.
 C = Inter-level travel time spent in this place.
 D = Time resting spent in this place.
 E = Time spent auto-exploring this place.
 F = Levels seen in this place.
 G = Mean time per level.
                   A        B        C        D        E       F      G
               +--------+--------+--------+--------+--------+-----+--------+
         Total |  10906 |  10277 |    629 |   3048 |   5456 |   9 | 1211.8 |
       Dungeon |  10666 |  10069 |    597 |   3048 |   5358 |   8 | 1333.2 |
        Temple |    240 |    208 |     32 |      0 |     98 |   1 |  240.0 |
               +--------+--------+--------+--------+--------+-----+--------+

Top non-repeatable levels by time:
     D:7: 2189 daAuts
     D:6: 1922 daAuts
     D:3: 1913 daAuts
     D:5: 1574 daAuts
     D:1: 1110 daAuts
     D:4: 944 daAuts
     D:2: 724 daAuts
     D:8: 286 daAuts
  Temple: 240 daAuts
